 Dungeon Crawl Stone Soup version 0.29.1-1-gd02db69 (webtiles) character file.

Game seed: 4017383796870048290

151 Kel the Chopper (level 5, -1/48 HPs)
             Began as a Gargoyle Berserker on Nov 25, 2022.
             Was a Believer of Trog.
             Slain by a gnoll
             ... wielding a +0 halberd
              (7 damage)
             ... on level 4 of the Dungeon.
             The game lasted 00:03:25 (2239 turns).

Kel the Chopper (Gargoyle Berserker)                Turns: 2239, Time: 00:03:25

Health: -1/48      AC: 15    Str: 23    XL:     5   Next: 33%
Magic:  5/5        EV:  8    Int:  7    God:    Trog [**....]
Gold:   169        SH:  0    Dex:  9    Spells: 4/4 levels left

rFire   . . .      SeeInvis .   n - +0 war axe
rCold   . . .      Faith    .   (no shield)
rNeg    + . .      Spirit   .   f - +0 chain mail
rPois   ∞          Reflect  .   a - +0 helmet
rElec   +          Harm     .   l - +1 cloak {Stlth+}
rCorr   .          Rampage  .   (no gloves)
Will    .....                   (no boots)
Stlth   ..........              (no amulet)
HPRegen 0.16/turn               (no ring)
MPRegen 0.09/turn               (no ring)

@: berserking, very quick
A: sickness immunity, AC +4, negative energy resistance 1, electricity
resistance, torment resistance 1, petrification resistance
a: Renounce Religion, Berserk, Trog's Hand


You were on level 4 of the Dungeon.
You worshipped Trog.
Trog was pleased with you.
You visited 1 branch of the dungeon, and saw 4 of its levels.

You collected 169 gold pieces.

Inventory:

Hand Weapons
 n - a +0 war axe (weapon)
Armour
 a - a +0 helmet (worn)
 f - a +0 chain mail (worn)
 l - a +1 cloak of stealth (worn)
Scrolls
 b - 2 scrolls of poison {unknown}
 c - a scroll of torment {unknown}
 e - a scroll of fear {unknown}
 g - a scroll of vulnerability {unknown}
 j - 2 scrolls of enchant weapon {unknown}
 m - 5 scrolls of noise {unknown}
 o - a scroll of identify {unknown}
 q - a scroll of summoning {unknown}
 r - 3 scrolls of teleportation {unknown}
Potions
 d - a potion of invisibility {unknown}
 h - 4 potions of lignification {unknown}
 i - a potion of flight {unknown}
 k - 2 potions of haste {unknown}
 p - a potion of might {unknown}
 s - a potion of berserk rage {unknown}
 t - a potion of heal wounds {unknown}


   Skills:
 - Level 3.2 Fighting
 + Level 5.3 Axes
 - Level 2.1 Armour
 - Level 1.5 Dodging


You had 4 spell levels left.
You didn't know any spells.
Your spell library was empty.

Dungeon Overview and Level Annotations

Branches:
Dungeon (4/15)
 Temple: D:4-7

Altars:
Ashenzari
Nemelex Xobeh
Vehumet

Shops:
D:2 [?[   D:3 [

Annotations:
D:4 Eustachio


Innate Abilities, Weirdness & Mutations

You are immune to sickness and miasma.
Your stone body is resilient. (AC +4)
You are immune to poison.
You resist negative energy. (rN+)
You are resistant to electric shocks. (rElec)
You are resistant to unholy torment.
You are immune to petrification.


Message History

The gnoll shouts!
The gnoll hits you with a +0 spear.
The gnoll hits you from afar with a +0 spear.
A gnoll comes into view. It is wielding a +0 halberd.
You barely miss the gnoll.
The gnoll shouts!
You slash the gnoll! The gnoll completely misses you.
The gnoll barely misses you. x2
You closely miss the gnoll.
The gnoll is almost dead.
You closely miss the gnoll. The gnoll closely misses you.
The gnoll barely misses you. The gnoll hits you with a +0 flail!
The gnoll closely misses you.
You are too injured to fight recklessly!
A red film seems to cover your vision as you go berserk!
You feel yourself moving faster!
You feel mighty! The gnoll hits you with a +0 spear.
The gnoll hits you but does no damage. The gnoll hits you with a +0 flail.
The gnoll hits you but does no damage.
You closely miss the gnoll. You slash the gnoll!
You kill the gnoll!
Trog accepts your kill. The gnoll hits you with a +0 spear.
The gnoll hits you from afar with a +0 spear.
* * * LOW HITPOINT WARNING * * *
The gnoll hits you but does no damage.
You slice the gnoll!!
You kill the gnoll!
Trog accepts your kill.
You barely miss the gnoll.
Eustachio the Magnificent comes into view.
He is wielding a +0 rapier.
The gnoll completely misses you.
The gnoll hits you but does no damage. x2
An orc comes into view. It is wielding a +0 morningstar.
Eustachio shouts!
You hear a shout! x2
The gnoll hits you with a +0 whip.
* * * LOW HITPOINT WARNING * * *
The gnoll hits you with a +0 spear.
* * * LOW HITPOINT WARNING * * *
An orc comes into view. It is wielding a +0 hand axe.
The gnoll hits you from afar with a +0 halberd!
You die...

o.. .....
###o.##......
...@.#......
....#..#.#. #.
#..........
#..#..g.......
#..#.#ggg.#
#<....@gg.#
##.###.#..#
#.....# ##
#..##.# #.....#
#..#).#
#..#.##.^#
########.........
#...<.....#####[.


You could see Eustachio, 6 gnolls and 2 orcs.

Vanquished Creatures
  An orc priest (D:3)
  An orc wizard (D:3)
  2 gnolls (D:4)
  An adder (D:3)
  2 worms
  2 dart slugs
  2 orcs (D:3)
  5 ball pythons
  2 endoplasms
  2 giant cockroaches
  4 goblins
  5 hobgoblins
  8 jackals
  6 kobolds
  A quokka (D:3)
  4 bats
  A frilled lizard (D:2)
  3 rats
52 creatures vanquished.

Vanquished Creatures (others)
  2 demonic plants (D:1)
2 creatures vanquished.

Grand Total: 54 creatures vanquished

Notes
Turn   | Place    | Note
-------+----------+-------------------------------------------
     0 | D:1      | Kel the Gargoyle Berserker began the quest for the Orb.
     0 | D:1      | Reached XP level 1. HP: 14/14 MP: 1/1
   357 | D:1      | Reached skill level 3 in Axes
   362 | D:1      | Reached XP level 2. HP: 19/19 MP: 2/2
   791 | D:1      | Found a faded altar of an unknown god.
   932 | D:2      | Found Wyucojue's Antique Armour Emporium.
   980 | D:2      | Found Cizoik's Antique Armour Boutique.
  1048 | D:2      | Reached XP level 3. HP: 17/23 MP: 3/3
  1361 | D:2      | Reached ** piety under Trog
  1398 | D:2      | Reached skill level 4 in Axes
  1469 | D:2      | Found a radiant altar of Vehumet.
  1516 | D:2      | Found Xiolaew's Magic Scroll Emporium.
  1665 | D:3      | Found a broken altar of Ashenzari.
  1697 | D:3      | Reached XP level 4. HP: 28/28 MP: 4/4
  1711 | D:3      | Reached skill level 5 in Axes
  1711 | D:3      | Reached XP level 5. HP: 32/32 MP: 5/5
  1958 | D:3      | Found Viahism's Antique Armour Shop.
  2117 | D:3      | Found a sparkling altar of Nemelex Xobeh.
  2238 | D:4      | Noticed Eustachio
  2239 | D:4      | Slain by a gnoll

Illustrated notes

Levels and vault maps discovered:
D:1:      lightli_arrival_flooded_house, layout_basic,
          dreamdust_ecumenical_altar_sealed_demon
D:2:      layout_loops_ring, basic_altar, serial_shops, shop,
          nicolae_square_shop, shop_scrolls
D:3:      layout_basic, mainiacjoe_overflow_brackets,
          mainiacjoe_overflow_cross_hatched, serial_shops, nicolae_diamond_shop,
          nrook_mini_vaults
D:4:      layout_basic, chequers_decorated_corner, minmay_joined_circles,
          uniq_eustachio

Skill      XL: |  1  2  3  4 |
---------------+-------------+-----
Axes           | 3 4 5 |  5.3
Fighting       | |  3.2
Armour         | |  2.1
Dodging        | |  1.5

Action                   |  1- 3 |  4- 6 || total
-------------------------+-------+-------++-------
Melee: Hand axe          |    98 |       ||    98
       Punch             |     3 |       ||     3
       War axe           |     3 |    35 ||    38
Invok: Berserk           |       |     1 ||     1
Armor: Animal skin       |    15 |       ||    15
       Chain mail        |    54 |    23 ||    77
Dodge: Dodged            |    46 |    22 ||    68
